 Dungeon Crawl Stone Soup version 0.30.1 (webtiles) character file.

Game seed: 7105043919445367777

13556 cdecastro the Fighter (level 12, -3/95 HPs)
             Began as a Djinni Fire Elementalist on July 10, 2023.
             Was a Follower of Ashenzari.
             Slain by a minotaur
             ... wielding a +0 long sword
              (12 damage)
             ... in a Gauntlet.
             The game lasted 00:36:23 (14164 turns).

cdecastro the Fighter (Djinni Fire Elementalist)   Turns: 14164, Time: 00:36:23

Health: -3/95      AC:  7    Str:  7    XL:     12   Next: 34%
Gold:   1279       EV: 12    Int: 25    God:    Ashenzari [*.....] SH:  5 Dex: 14

rFire   + + .        U - +4 long sword "Tunlyrchunu" {vamp, rC+}
rCold   + . .        (no shield)
rNeg    . . .        x - +2 robe {rC+}
rPois   ∞            R - +1 helmet {Int+3}
rElec   .            o - +0 cloak "I Knew You'd Do That" {Fort, Self} (curse)
rCorr   +            (no gloves)
SInv    .            (boots unavailable)
Will    ++...        u - amulet "Profound Vision" {Reflect SH+5, Range, Melee} (curse)
Stlth   ++           e - ring of resist corrosion
HPRegen 0.35/turn    F - ring of willpower
MPRegen 0.00/turn

%: no teleportation, reflection, infuse magic (-4 HP)
@: flying
A: sickness immunity, fire resistance 2, cold vulnerability 1, float, innate
caster, HP casting, extra vitality 1
a: Renounce Religion, Shatter the Chains


You were in a Gauntlet.
You worshipped Ashenzari.
Ashenzari was aware of your devotion.
You visited 2 branches of the dungeon, and saw 13 of its levels.
You also visited: Bailey and Gauntlet.

You collected 1279 gold pieces.

Inventory:

Hand Weapons
 g - a +0 short sword of venom
 h - the +3 Elemental Staff {rElec rF+ rC+ AC+3}
   (You found it in a Gauntlet)

   It enhances your fire, ice, earth and air magic.
   AC:        It affects your AC (+3).
   rF:        It protects you from fire.
   rC:        It protects you from cold.
   rElec:     It insulates you from electricity.
 A - a +2 dagger of venom
 U - the +4 long sword "Tunlyrchunu" (weapon) {vamp, rC+}
   (You found it on level 7 of the Dungeon)

   rC:        It protects you from cold.
 Y - a +0 demon whip
Missiles
 J - 9 datura-tipped darts
 K - 4 atropa-tipped darts
 L - 31 poisoned darts
 M - 3 curare-tipped darts
Armour
 o - the cursed +0 cloak "I Knew You'd Do That" (worn) {Fort, Self}
   (You found it on level 2 of the Dungeon)

   It has a curse which improves the following skills: Fortitude: Armour and
   Shields.
   Introspection: Fighting and Spellcasting.
 r - the +0 leather armour of a bailey {Int+3}
   (You found it on level 2 of the Dungeon)

   Int:       It affects your intelligence (+3).
 x - a +2 robe of cold resistance (worn)
 C - a +1 robe of the Archmagi
 R - a +1 helmet of intelligence (worn)
 T - +0 steam dragon scales
Magical Staves
 m - the staff of death "Esminova" {rN+ rCorr}
   (You found it in a Gauntlet)

   [staff of death]

   Your inability to study Necromancy prevents you from drawing on the full
   power of this staff in melee.
   Base accuracy: +5 Base damage: 5 Base attack delay: 1.2 This weapon's minimum
   attack delay (0.6) is reached at skill level 12.
   rN:        It protects you from negative energy.
   rCorr:     It protects you from acid and corrosion.
   It falls into the 'Staves' category.
   It is a one-handed weapon.
Jewellery
 e - a ring of resist corrosion (left hand)
 u - the cursed amulet "Profound Vision" (around neck) {Reflect SH+5, Range, Melee}
   (You took it off a goblin on level 3 of the Dungeon)

   [amulet of reflection]

   It reflects blocked missile attacks.
   SH:        It affects your SH (+5).
   It has a curse which improves the following skills: Ranged Combat: Ranged
   Weapons and Throwing.
   Melee Combat: Short Blades, Long Blades, Axes, Maces & Flails, Polearms,
   Staves and Unarmed Combat.
 F - a ring of willpower (right hand)
 N - a ring of willpower
Wands
 D - a wand of quicksilver (22)
 G - a wand of paralysis (11)
 H - a wand of flame (6)
 S - a wand of digging (8)
Scrolls
 b - 3 scrolls of amnesia
 d - 3 scrolls of fog
 f - 7 scrolls of teleportation
 i - 2 scrolls of vulnerability
 n - a scroll of blinking
 q - a scroll of enchant weapon
 s - a scroll of silence
 t - 2 scrolls of acquirement
 w - a scroll of enchant armour
 y - 2 scrolls of butterflies
 B - a scroll of poison
 E - 3 scrolls of magic mapping
 P - a scroll of fear
 V - a scroll of brand weapon
 W - a scroll of immolation
Potions
 a - 3 potions of mutation
 c - 2 potions of magic
 j - 3 potions of flight
 k - a potion of haste
 l - 4 potions of curing
 p - 2 potions of attraction
 v - 2 potions of degeneration
 z - 3 potions of might
 O - a potion of brilliance
 X - 2 potions of lignification
Miscellaneous
 I - a phial of floods


   Skills:
 * Level 11.1(11.8) Fighting
 - Level 6.6(7.4) Long Blades
 - Level 2.1 Dodging
 - Level 1.5 Stealth
 - Level 11.0(11.7) Spellcasting
 + Level 0.3 Evocations


You knew the following spells:

 Your Spells              Type           Power      Damage    Failure   Level
a - Foxfire               Conj/Fire      100%       2x1d9     1%          1
b - Scorch                Fire           100%       2d9       1%          2
c - Volatile Blastmotes   Fire/Tloc      100%       2d18      1%          3
d - Inner Flame           Hex/Fire       65%        N/A       1%          3
e - Flame Wave            Conj/Fire      65%        2d15      1%          4
f - Shock                 Conj/Air       100%       1d9       1%          1
g - Blink                 Tloc           100%       N/A       1%          2
h - Ozocubu's Armour      Ice            65%        N/A       1%          3
i - Airstrike             Air            32%        2d(5-21)  1%          4
j - Fulminant Prism       Conj/Hex       32%        3d16      1%          4
Your spell library was empty.

Dungeon Overview and Level Annotations

Branches:
Dungeon (12/15)            Temple (1/1) D:5            Lair (0/5) D:8
    Orc (0/2) D:11         Bailey (visited)         Gauntlet (1/1)

Altars:
Ashenzari
Cheibriados
Dithmenos
Elyvilon
Fedhas
Gozag
Makhleb
Nemelex Xobeh
Okawaru
Qazlal
Ru
Trog
Uskayaw
Wu Jian
Xom
Yredelemnul
Zin
The Shining One

Shops:
D:1 :   D:2 [

Annotations:
D:10 Erica
D:11 exclusion: ugly thing Gauntlet 4 transporters


Innate Abilities, Weirdness & Mutations

You are immune to sickness and miasma.
You are immune to poison.
Your flesh is very heat resistant. (rF++)
You are vulnerable to cold. (rC-)
You float through the air rather than walking.
You learn spells naturally, not from books.
Your magical power is your life essence.
You have superior vitality. (+4 MHP)


Message History

The blast of energy engulfs the minotaur!
The minotaur is moderately wounded.
Unknown command.
Unknown command.
As you read the scroll of fear, it crumbles to dust.
You assume a fearsome visage.
The minotaur easily resists.
You block the minotaur's attack. The minotaur gores you!
* * * LOW HITPOINT WARNING * * *
Press: ? - help, v - describe, . - travel
Here: a minotaur, wielding a +0 long sword, wearing a +0 plate armour and quivering silver javelins (moderately wounded, more vulnerable to fire)
The floor.
Unknown command.
Blink to where?
Press: ? - help, Dir - move target
As you read the scroll of blinking, it crumbles to dust.
Blink to where?
Press: ? - help, Dir - move target
Found the staff of death "Esminova" {rN+ rCorr}.
Found a gate leading back out of this place.
As you read the scroll of blinking, it crumbles to dust.
Blink to where?
Press: ? - help, Dir - move target
As you read the scroll of blinking, it crumbles to dust.
h - the +3 Elemental Staff {rElec rF+ rC+ AC+3}
m - the staff of death "Esminova" {rN+ rCorr}
n - a scroll of blinking
E - 3 scrolls of magic mapping (gained 1)
You reach down and open the door.
Found a scroll of enchant weapon.
There is an open door here.
q - a scroll of enchant weapon
There is an open door here.
There is a gate leading back out of this place here.
Things that are here:
4 stones; a scroll of identify; a piece from Xom's chessboard (15/15)
There is a gate leading back out of this place here.
Things that are here:
4 stones; a scroll of identify; a piece from Xom's chessboard (15/15)
The minotaur hits you with a +0 long sword!
You die...

##≈...............≈##
#####.###.###.#####
#.###.###.###
.........H..#
.###.###.###.# #.
...... .# # #'# #
##H### #..@.#
+⌠...### #...⌠'.#
#.⌠..### ##+###


You could see a minotaur.

Vanquished Creatures
  A two-headed ogre (D:9)
  A boulder beetle (D:11)
  Urug (D:12)
  A sixfirhy (Gauntlet)
  Maggie (D:9)
  A troll (D:10)
  2 hornets
  Prince Ribbit (D:9)
  5 slime creatures
  Sigmund (D:3)
  2 vampires (D:11)
  Eustachio (D:4)
  5 wyverns
  A shadow (D:10)
  A wraith (D:10)
  11 yaks
  A basilisk (D:8)
  A steam dragon (D:8)
  3 small abominations (Gauntlet)
  3 large abominations (Gauntlet)
  An acid dragon (D:12)
  A hell hound (Gauntlet)
  2 water moccasins (D:8)
  A sky beast (D:7)
  10 orc warriors
  An ice beast (D:7)
  An ogre (D:7)
  2 black bears (D:7)
  A boggart (Gauntlet)
  3 centaurs
  7 kobold brigands
  Blork the orc (D:5)
  6 bullfrogs
  4 scorpions
  A gnoll sergeant (D:10)
  5 wights
  6 killer bees
  6 howler monkeys
  An electric eel (D:9)
  3 hounds
  10 orc priests
  A jelly (D:5)
  3 iguanas
  9 orc wizards
  9 adders
  6 gnolls
  2 shadow imps
  3 white imps
  5 ufetubi
  2 worms (D:2)
  4 dart slugs
  45 orcs
  11 ball pythons
  8 endoplasms
  A giant cockroach (D:2)
  3 goblins
  4 hobgoblins
  3 jackals (D:2)
  21 kobolds
  5 quokkas
  4 bats
  2 frilled lizards
  3 rats
  A foxfire (D:10)
272 creatures vanquished.

Vanquished Creatures (collateral kills)
  5 foxfires
5 creatures vanquished.

Vanquished Creatures (others)
  939 foxfires
  4 fulminant prisms
943 creatures vanquished.

Grand Total: 1220 creatures vanquished

Notes
Turn   | Place    | Note
-------+----------+-------------------------------------------
     0 | D:1      | cdecastro the Djinni Fire Elementalist began the quest for
                  | the Orb.
     0 | D:1      | cdecastro set off with the following spells memorised:
                  | Foxfire, Scorch, Volatile Blastmotes, Inner Flame, Flame
                  | Wave.
     0 | D:1      | Reached XP level 1. HP: 15/15 MP: 0/0
    95 | D:1      | Found Cuexil's Book Boutique.
   143 | D:1      | Reached XP level 2. HP: 11/22 MP: 0/0
   391 | D:1      | Reached skill level 1 in Fighting
   600 | D:2      | Reached XP level 3. HP: 21/27 MP: 0/0
   600 | D:2      | Learned a level 1 spell: Shock
   979 | D:2      | Reached XP level 4. HP: 28/32 MP: 0/0
  1247 | D:2      | Found Lanwall's Antique Armour Emporium.
  1273 | D:2      | Identified the +0 leather armour of a bailey {Int+3}
  1564 | D:3      | Found a faded altar of an unknown god.
  1658 | D:3      | Reached XP level 5. HP: 30/38 MP: 0/0
  1658 | D:3      | Learned a level 2 spell: Blink
  1731 | D:3      | Noticed Sigmund
  1886 | D:3      | Killed Sigmund
  1887 | D:3      | Reached XP level 6. HP: 39/46 MP: 0/0
  2553 | D:4      | Found a hide-covered altar of Uskayaw.
  2596 | D:4      | Reached XP level 7. HP: 46/50 MP: 0/0
  2596 | D:4      | Learned a level 3 spell: Ozocubu's Armour
  2735 | D:4      | Reached skill level 5 in Spellcasting
  2872 | D:4      | Found a shimmering altar of Xom.
  3194 | D:5      | Entered Level 5 of the Dungeon
  3194 | D:5      | Noticed Blork the orc
  3424 | D:5      | Found a staircase to the Ecumenical Temple.
  3433 | Temple   | Entered the Ecumenical Temple
  3532 | D:5      | Noticed Eustachio
  3536 | D:4      | Found a stormy altar of Qazlal.
  3552 | D:4      | Killed Eustachio
  3553 | D:4      | Reached XP level 8. HP: 9/58 MP: 0/0
  3808 | D:5      | Killed Blork the orc
  3809 | D:5      | Reached skill level 5 in Fighting
  3999 | D:5      | Found a glowing silver altar of Zin.
  4110 | D:5      | Identified the +0 helmet of the Equator {Dex+3}
  4214 | D:5      | Noticed a yak
  5867 | D:7      | Reached XP level 9. HP: 62/66 MP: 0/0
  5867 | D:7      | Learned a level 4 spell: Airstrike
  5986 | D:7      | Found a flagged portal.
  5995 | Bailey   | Entered a bailey
  6357 | Bailey   | Found a bloodstained altar of Trog.
  6823 | D:7      | Reached XP level 10. HP: 69/75 MP: 0/0
  7304 | D:7      | Found a burning altar of Makhleb.
  7328 | D:7      | Found a white marble altar of Elyvilon.
  7381 | D:7      | You are sucked into a shaft and drop 2 floors!
  7729 | D:7      | Found a broken altar of Ashenzari.
  7734 | D:7      | Became a worshipper of Ashenzari the Shackled
  8680 | D:8      | Found a staircase to the Lair.
  8702 | D:8      | Reached skill level 10 in Spellcasting
  8971 | D:8      | Found a basalt altar of Yredelemnul.
  9045 | D:8      | Reached XP level 11. HP: 79/84 MP: 0/0
  9045 | D:8      | Learned a level 4 spell: Fulminant Prism
  9718 | D:9      | Noticed Prince Ribbit
  9733 | D:9      | Killed Prince Ribbit
  9738 | D:9      | Noticed a two-headed ogre
 10319 | D:9      | Killed a two-headed ogre
 10352 | D:9      | Noticed Maggie
 10363 | D:9      | Killed Maggie
 10443 | D:7      | Identified the +4 long sword "Tunlyrchunu" {vamp, rC+}
 10713 | D:10     | Entered Level 10 of the Dungeon
 10717 | D:10     | Noticed Erica
 10787 | D:10     | Reached skill level 1 in Long Blades
 11196 | D:10     | Reached skill level 10 in Fighting
 12393 | D:11     | Noticed a purple ugly thing
 12442 | D:11     | Noticed a boulder beetle
 12450 | D:11     | Killed a boulder beetle
 12624 | D:11     | Reached XP level 12. HP: 85/93 MP: 0/0
 12666 | D:11     | Reached skill level 5 in Long Blades
 12950 | D:11     | Found a staircase to the Orcish Mines.
 13092 | D:12     | Noticed Urug
 13097 | D:12     | Killed Urug
 13258 | D:12     | Found a gate leading to a gauntlet.
 13282 | Gauntlet | Entered a Gauntlet
 13282 | Gauntlet | Found a transporter.
 13287 | Gauntlet | Noticed a sixfirhy
 13290 | Gauntlet | Found a transporter.
 13294 | Gauntlet | Found a transporter.
 13302 | Gauntlet | Found a transporter.
 13306 | Gauntlet | Found a transporter.
 13314 | Gauntlet | Found a transporter.
 13318 | Gauntlet | Found a transporter.
 13326 | Gauntlet | Found a transporter.
 13326 | Gauntlet | Noticed a hell beast
 13330 | Gauntlet | Found a transporter.
 13332 | Gauntlet | Noticed a reaper
 13341 | Gauntlet | Found a transporter.
 13369 | Gauntlet | Found a transporter.
 13381 | Gauntlet | Found a transporter.
 13394 | Gauntlet | Found a transporter.
 13407 | Gauntlet | Found a transporter.
 13455 | Gauntlet | Killed a sixfirhy
 13606 | Gauntlet | Reached * piety under Ashenzari
 13606 | Gauntlet | Identified 2 scrolls of acquirement
 14143 | Gauntlet | Noticed a minotaur
 14149 | Gauntlet | HP: 3/95 [minotaur/+0 long sword (12)]
 14151 | Gauntlet | Identified the staff of death "Esminova" {rN+ rCorr}
 14151 | Gauntlet | Found the +3 Elemental Staff {rElec rF+ rC+ AC+3}
 14164 | Gauntlet | Slain by a minotaur

Illustrated notes

Levels and vault maps discovered:
D:1:      lightli_arrival_lavapool, layout_rooms, serial_shops,
          nicolae_book_shop_shelving, minmay_tromino_v4_c
D:2:      layout_basic, serial_shops, nicolae_shop_pleasant_corner_grove,
          serial_corexii_hall, corexii_hall_statues_deadend,
          chequers_hall_statues_y, nicolae_figureground_pulse
D:3:      layout_loops_ring, shapermc_ecumenical_altar_rom_forum,
          minmay_surrounded, uniq_sigmund
D:4:      layout_basic, mainiacjoe_overflow_boulevard, led_sif_pool,
          nicolae_overflow_hidden_temple, xom_teletrap_fun, eino_tiny_chamber
D:5:      layout_loops_ring, mainiacjoe_overflow_tiny_flanked,
          minmay_temple_entry_stoned_glass, minmay_misc_feat_rows,
          dreamdust_princess_corridor, hex_tiny, minivault_24,
          minmay_small_thing, uniq_blork_the_orc, uniq_eustachio
D:6:      layout_layer_cave, serial_park_tiny_2
D:7:      layout_layer_cave, nicolae_overflow_quartered_altars, enter_bailey_2,
          sword_in_stone
D:8:      layout_basic, marbit_many_paths, minmay_lair_entry_grove,
          wad_floor_pattern_1
D:9:      cheibrodos_helix_gallery, layout_long_grid, uniq_prince_ribbit1,
          uniq_maggie
D:10:     layout_rooms, lemuel_round_altar, david_defended_altar_orc,
          uniq_erica, uniq_snorg
D:11:     layout_rooms, hiddenorc1_lemuel
D:12:     layout_irregular_city, gauntlet_entry_generic, uniq_urug
Temple:   nicolae_temple_ecumenical_triangle
Gauntlet: gammafunk_gauntlet_77_escape_option
          [minmay_gauntlet_arena_77_two_paths,
          minmay_gauntlet_arena_77_tiled_triplets, minmay_gauntlet_arena_77_fan,
          minmay_gauntlet_arena_77_broken_ladder, minmay_gauntlet_arena_77_box,
          gauntlet_exit_hidden_loot]

Skill      XL: |  1  2  3  4  5  6  7  8  9 10 11 12 |
---------------+-------------------------------------+-----
Fighting       | 1 2 3 4 5 7 9 10 11 | 11.1
Spellcasting   | 3 4 5 7 8 10 11 | 11.0
Long Blades    | 4 6 |  6.6
Dodging        | |  2.1
Stealth        | |  1.5
Evocations     | |  0.3

Action                     |  1- 3 |  4- 6 |  7- 9 | 10-12 || total
---------------------------+-------+-------+-------+-------++-------
  Melee: Short sword       |       |     9 |       |       ||     9
         Dagger            |       |       |     7 |    14 ||    21
         Long sword        |       |       |       |    16 ||    16
         Punch             |       |       |       |     1 ||     1
   Cast: Foxfire           |    55 |    76 |   182 |   215 ||   528
         Scorch            |       |    14 |    53 |   110 ||   177
         Volatile Blastmot |       |       |     2 |    15 ||    17
         Inner Flame       |       |       |     1 |     8 ||     9
         Fulminant Prism   |       |       |       |     4 ||     4
         Airstrike         |       |       |       |    18 ||    18
         Flame Wave        |       |       |       |     2 ||     2
 Invoke: Curse Item        |       |       |       |     2 ||     2
  Evoke: Wand              |       |       |       |     3 ||     3
    Use: Scroll            |       |       |       |    18 ||    18
         Potion            |       |       |       |     4 ||     4
   Stab: Sleeping          |       |       |       |     1 ||     1
 Armour: Robe              |     1 |       |     7 |    49 ||    57
         Leather armour    |       |     8 |       |       ||     8
  Dodge: Dodged            |     8 |    10 |    27 |   103 ||   148
  Block: Other             |       |     1 |     6 |    50 ||    57
         Reflection        |       |     1 |       |     1 ||     2
